 Dungeon Crawl Stone Soup version 0.19-a0-32-gbfd796a (webtiles) character file.

25 M4edhros the Grave Robber (level 3, 0/19 HPs)
             Began as a Tengu Necromancer on May 2, 2016.
             Succumbed to an adder's poison
             ... on level 2 of the Dungeon.
             The game lasted 00:01:31 (399 turns).

M4edhros the Grave Robber (Tengu Necromancer)        Turns: 399, Time: 00:01:32

Health: 0/19       AC: 10    Str:  8    XL:     3   Next: 6%
Magic:  7/7        EV:  0    Int: 15    God:
Gold:   59         SH:  0    Dex: 15    Spells: 1 memorised, 5 levels left

rFire  . . .     SeeInvis .       - Unarmed
rCold  . . .     Gourm    .     f - +0 plate armour
rNeg   . . .     Faith    .     (no shield)
rPois  .         Spirit   .     (helmet restricted)
rElec  .         Dismiss  .     (no cloak)
rCorr  .         Reflect  .     (no gloves)
SustAt .         Harm     .     (boots unavailable)
MR     .....                    (no amulet)
Stlth  ..........               (no ring)
                                (no ring)

@: lethally poisoned (0 -> -4), not resistant to hostile enchantments, extremely
unstealthy
A: beak, talons 3
a: no special abilities


You were on level 2 of the Dungeon.
You were not hungry.

You visited 1 branch of the dungeon, and saw 2 of its levels.

You collected 59 gold pieces.

Inventory:

Armour
 a - a +0 robe
 d - a +0 ring mail
 f - a +0 plate armour (worn)
Scrolls
 g - a scroll of identify {unknown}
 h - a scroll of teleportation {unknown}
 i - a scroll of enchant armour {unknown}
 j - a scroll of blinking {unknown}
Books
 b - a book of Necromancy

   Spells                             Type                      Level
   a - Pain                           Necromancy                   1
   b - Animate Skeleton               Necromancy                   1
   c - Vampiric Draining              Necromancy                   3
   d - Regeneration                   Charms/Necromancy            3
   e - Animate Dead                   Necromancy                   4
   f - Control Undead                 Necromancy                   4
Comestibles
 c - 2 bread rations
 k - a meat ration


   Skills:
 - Level 2.1 Dodging
 - Level 2.0 Stealth
 + Level 2.9 Unarmed Combat
 - Level 2.0 Spellcasting
 - Level 4.3 Necromancy


You had 5 spell levels left.
You knew the following spells:

 Your Spells              Type           Power        Failure   Level  Hunger
a - Pain                  Necr           ##..         100%        1    #......


Dungeon Overview and Level Annotations

Branches:
Dungeon (2/15)

Altars:


Innate Abilities, Weirdness & Mutations

You have a beak for a mouth.
You have claws for feet.


Message History

You hit the adder.
You kill the adder!
You have reached level 3!
Your experience leads to an increase in your attributes!
Increase (S)trength, (I)ntelligence, or (D)exterity?
You feel agile.
* * * LOW HITPOINT WARNING * * *
You feel sick.
* * * LOW HITPOINT WARNING * * *
You feel sick.
* * * LOW HITPOINT WARNING * * *
You feel sick.
* * * LOW HITPOINT WARNING * * *
You feel sick.
* * * LOW HITPOINT WARNING * * *
You feel sick.
* * * LOW HITPOINT WARNING * * *
You feel sick.
Unknown command.
You die...

############ +).......
...........# ##....<...
#......)...#.##†#######
#............##..w...#
#.......#'##########.#
#######.#.#..........#
#...#.#.###########
###.###.#.#######....
.......@............#
#####.###.#...###.#.#
######.......#...#
.................+
##......####...#
#.#....# #...# #.#....#
#...# # ##.### #####
#.#### ##


There were no monsters in sight!

Vanquished Creatures
  An adder (D:2)
  2 dart slugs
  A giant gecko (D:1)
  A bat (D:1)
  A giant cockroach (D:2)
  2 hobgoblins (D:2)
  A giant newt (D:1)
  A kobold (D:1)
  2 rats (D:1)
12 creatures vanquished.

Notes
Turn   | Place    | Note
--------------------------------------------------------------
     0 | D:1      | M4edhros the Tengu Necromancer began the quest for the Orb.
     0 | D:1      | Reached XP level 1. HP: 10/10 MP: 4/4
    79 | D:1      | Reached skill level 1 in Unarmed Combat
   171 | D:1      | Reached XP level 2. HP: 7/15 MP: 6/6
   308 | D:2      | Found a faded altar to an unknown god.
   381 | D:2      | Reached XP level 3. HP: 6/19 MP: 7/7
   399 | D:2      | Succumbed to an adder's poison

Vault maps used:
D:1:      dpeg_arrival_boxorama, kennysheep_small_spiral
D:2:      nicolae_gozag_cash_rules_everything_around_me, ecumenical_altar_2,
          kennysheep_generic_room_12

Skill      XL: |  1  2 |
---------------+-------+-----
Unarmed Combat | 1 2 |  2.9
Dodging        | |  2.1
Stealth        | |  2.0
Spellcasting   | |  2.0
Necromancy     | |  4.3

Action                   || total
-------------------------++-------
Melee: Unarmed           ||    55
       Kick              ||     9
       Peck              ||     3
 Cast: Pain              ||     4
  Use: Potion            ||     1
Armor: Plate armour      ||    58
       Ring mail         ||     1
Dodge: Dodged            ||     3
